 Dungeon Crawl Stone Soup version 0.20-a0-1018-ge435b50 (webtiles) character file.

142 Gorglomux the Slasher (level 5, -1/39 HPs)
             Began as a Vine Stalker Skald on Apr 17, 2017.
             Slain by an adder (2 damage)
             ... on level 4 of the Dungeon.
             The game lasted 00:05:03 (2712 turns).

Gorglomux the Slasher (Vine Stalker Skald)          Turns: 2712, Time: 00:05:04

Health: -1/39      AC:  6    Str: 20    XL:     5   Next: 24%
Magic:  0/9        EV: 17    Int: 13    God:
Gold:   143        SH:  0    Dex: 18    Spells: 7/8 levels left

rFire    . . .     SeeInvis .   a - +0 falchion
rCold    . . .     Gourm    .   (no shield)
rNeg     . . .     Faith    .   b - +0 leather armour
rPois    .         Spirit   +   (no helmet)
rElec    .         Reflect  .   (no cloak)
rCorr    .         Harm     .   (no gloves)
MR       .....                  p - +2 pair of boots
Stlth    ..........             (no amulet)
Regen    0.6/turn               (no ring)
MPRegen  0.2/turn               (no ring)

@: agile, berserking, lethally poisoned (-1 -> -8), infused (expiring), flying,
very slightly contaminated, very quick
A: fangs 2, regeneration 1, magic shield, antimagic bite, no potion heal 3, rot
immunity
a: no special abilities


You were on level 4 of the Dungeon.
You were not hungry.

You visited 1 branch of the dungeon, and saw 4 of its levels.

You collected 143 gold pieces.

Inventory:

Hand Weapons
 a - a +0 falchion (weapon)
Armour
 b - a +0 leather armour (worn)
 p - a +2 pair of boots (worn)
   (You found it on level 3 of the Dungeon)
 q - a +0 pair of gloves
   (You found it on level 3 of the Dungeon)
Scrolls
 e - a scroll of random uselessness {unknown}
 g - a scroll of immolation {unknown}
 i - a scroll of noise {unknown}
 k - 3 scrolls of identify {unknown}
 n - 2 scrolls of recharging {unknown}
Potions
 h - a potion of flight
 j - a potion of mutation {unknown}
Books
 c - a book of Battle
Comestibles
 d - 4 bread rations {@e1@e1}
 f - a meat ration {@e2@e2}
 o - 11 chunks of flesh {@w0@w0}


   Skills:
 - Level 1.7 Fighting
 + Level 4.8 Long Blades
 - Level 0.7 Armour
 - Level 1.5 Dodging
 - Level 2.1 Spellcasting
 - Level 3.0 Charms


You had 7 spell levels left.
You knew the following spells:

 Your Spells              Type           Power        Failure   Level  Hunger
a - Infusion              Chrm           #...         10%         1    ##.....


Dungeon Overview and Level Annotations

Branches:
Dungeon (4/15)
 Temple: D:4-7

Altars:
Sif Muna
Trog


Innate Abilities, Weirdness & Mutations

You have extremely sharp teeth.
Your natural rate of healing is unusually fast.
When hurt, damage is shared between your health and your magic reserves.
Your bite disrupts and absorbs the magic of your enemies.
Potions cannot restore your health.
You are immune to rotting.


Message History

You closely miss the jackal. You bite the jackal, but do no damage.
The jackal bites you but does no damage.
You hit the jackal but do no damage.
The jackal bites you but does no damage.
The jackal bites you.
You hit the jackal. Your bite misses the jackal.
The jackal bites you but does no damage.
You hit the jackal.
You kill the jackal!
MP restored: 9 No target in view!
No target in view!
You see here a jackal corpse.
You butcher the jackal corpse.
o - 8 chunks of flesh {@w0@w0} (gained 3) Health restored: 26 Your magical contamination has completely faded away.
You see here a jackal corpse.
You butcher the jackal corpse.
o - 11 chunks of flesh {@w0@w0} (gained 3)
You see here a jackal skeleton.
There is a stone staircase leading down here.
You climb downwards.
There is a stone staircase leading up here.
Found a stone staircase leading up and a stone staircase leading down.
There is a stone staircase leading up here.
An adder comes into view.
The adder hisses angrily.
An adder is nearby!
You miscast Infusion.
You are very lightly contaminated with residual magic.
Your skin tingles.
You now have 8/9 mp.
You begin infusing your attacks with magical energy.
You now have 7/9 mp.
The adder bites you.
You are poisoned.
The adder poisons you!
There is a stone staircase leading down here.
You take 3 damage, and have 23/26 hp.
You now have 6/9 mp.
You miss the adder.
You feel sick. The adder misses you.
You riposte.
You closely miss the adder.
Unknown command.
You closely miss the adder. Your bite misses the adder.
The adder bites you but does no damage. The adder closely misses you.
You closely miss the adder.
You feel sick. The adder bites you.
You are more poisoned.
The adder poisons you!
You take 2 damage, and have 21/26 hp.
You now have 5/9 mp.
You closely miss the adder.
You feel sick. The adder bites you.
You take 5 damage, and have 16/26 hp.
You now have 4/9 mp.
Unknown command.
You hit the adder. You bite the adder. You drain its power.
You feel invigorated. The adder misses you. x2
Unknown command.
You closely miss the adder.
You feel sick. The adder closely misses you.
You take 1 damage, and have 16/26 hp.
Unknown command.
You barely miss the adder. Your bite misses the adder.
You feel sick. The adder bites you. x2
You are more poisoned.
The adder poisons you!
You take 6 damage, and have 10/26 hp.
MASSIVE DAMAGE!!
You now have 3/9 mp.
You are too injured to fight recklessly!
You are too injured to fight recklessly!
You barely miss the adder.
You feel sick. The adder bites you.
You are more poisoned.
The adder poisons you!
You take 2 damage, and have 8/26 hp.
You hit the adder.
You feel sick. The adder barely misses you.
You now have 2/9 mp.
You barely miss the adder.
You feel sick. The adder bites you.
* * * LOW HITPOINT WARNING * * *
You are lethally poisoned!
The adder poisons you! The adder bites you.
* * * LOW HITPOINT WARNING * * *
You take 4 damage, and have 4/26 hp.
It was a potion of flight.
You feel very buoyant.
You fly up into the air.
Your magical infusion is running out.
* * * LOW HITPOINT WARNING * * *
You feel sick. The adder bites you but does no damage.
Unknown command.
It was a potion of agility.
You feel agile all of a sudden.
* * * LOW HITPOINT WARNING * * *
You feel sick. The adder completely misses you.
You take 2 damage, and have 2/26 hp.
It was a potion of berserk rage.
A red film seems to cover your vision as you go berserk!
You feel yourself moving faster!
You feel mighty!
* * * LOW HITPOINT WARNING * * *
You feel sick. The adder bites you.
* * * LOW HITPOINT WARNING * * *
You are more poisoned.
The adder poisons you! The adder bites you.
You die...

# #.#########.#
#.#.?..........
#.....S@.#
########.# #<#
#.# #.# #.#
#.######
#......#######
######<.......


You could see an adder.

Vanquished Creatures
  3 adders
  A worm (D:3)
  A dart slug (D:2)
  6 leopard geckos
  6 orcs (D:3)
  2 ball pythons (D:3)
  7 giant cockroaches
  8 goblins
  5 hobgoblins
  17 jackals
  9 kobolds
  A quokka (D:2)
  8 bats
  6 frilled lizards
  10 rats
90 creatures vanquished.

Notes
Turn   | Place    | Note
-------+----------+-------------------------------------------
     0 | D:1      | Gorglomux the Vine Stalker Skald began the quest for the Orb.
     0 | D:1      | Reached XP level 1. HP: 11/11 MP: 4/4
    34 | D:1      | Reached skill level 2 in Long Blades
   133 | D:1      | Reached XP level 2. HP: 5/15 MP: 0/6
   486 | D:1      | Reached skill level 3 in Long Blades
   491 | D:1      | Reached XP level 3. HP: 5/18 MP: 0/7
  1488 | D:2      | Gained mutation: Your natural rate of healing is unusually fast. [Vine Stalker growth]
  1488 | D:2      | Reached XP level 4. HP: 19/23 MP: 6/8
  1709 | D:2      | Reached skill level 4 in Long Blades
  2137 | D:3      | Found a bloodstained altar of Trog.
  2140 | D:3      | Found a deep blue altar of Sif Muna.
  2347 | D:3      | Reached XP level 5. HP: 26/26 MP: 5/9
  2709 | D:4      | HP: 5/26 [adder (2)]
  2711 | D:4      | HP: 2/26 [poisoned by an adder]
  2712 | D:4      | Slain by an adder

Vault maps used:
D:1:      kennysheep_arrival_seaside
D:3:      nicolae_overflow_hidden_temple, serial_park_tiny_1,
          minmay_close_crescents
D:4:      lemuel_castle_with_subvaults, uniq_sigmund

Skill      XL: |  1  2  3  4 |
---------------+-------------+-----
Long Blades    | 2 3 4 |  4.8
Fighting       | |  1.7
Armour         | |  0.7
Dodging        | |  1.5
Spellcasting   | |  2.1
Charms         | |  3.0

Action                   |  1- 3 |  4- 6 || total
-------------------------+-------+-------++-------
Melee: Falchion          |   104 |   114 ||   218
       Bite              |    32 |    24 ||    56
 Cast: Infusion          |    18 |    14 ||    32
  Use: Potion            |       |     3 ||     3
  Eat: Chunk             |     3 |     4 ||     7
Armor: Leather armour    |    51 |    49 ||   100
Dodge: Dodged            |    95 |    78 ||   173
       Rpst.: Falchion   |    37 |    23 ||    60

Vault maps used:
D:1:      kennysheep_arrival_seaside
D:3:      nicolae_overflow_hidden_temple, serial_park_tiny_1,
          minmay_close_crescents
D:4:      lemuel_castle_with_subvaults, uniq_sigmund

Table legend:
 A = Turns spent in this place as a percentage of turns spent in the entire game.
 B = Non-inter-level travel turns spent in this place as a percentage of non-inter-level travel turns spent in the entire game.
 C = Inter-level travel turns spent in this place as a percentage of turns spent in this place.
 D = Turns resting spent in this place as a percentage of non-inter-level travel turns spent in this place.
 E = Turns spent auto-exploring this place as a percentage of non-inter-level travel turns spent in this place.
 F = Non-inter-level travel turns spent in this place divided by the number of levels of this place that you've seen.
                   A       B       C       D       E      F
               +-------+-------+-------+-------+-------+----------------------
         Total | 100.0 | 100.0 |   0.3 |   4.3 |   9.3 | 215.0
       Dungeon | 100.0 | 100.0 |   0.3 |   4.3 |   9.3 | 215.0
               +-------+-------+-------+-------+-------+----------------------

Table legend:
 A = Kills in this place as a percentage of kills in entire the game.
 B = Kills by you in this place as a percentage of kills by you in the entire game.
 C = Kills by friends in this place as a percentage of kills by friends in the entire game.
 D = Other kills in this place as a percentage of other kills in the entire game.
 E = Experience gained in this place as a percentage of experience gained in the entire game.
 F = Experience gained in this place divided by the number of levels of this place that you have seen.
                   A       B       C       D       E      F
               +-------+-------+-------+-------+-------+----------------------
         Total | 100.0 | 100.0 |  -nan |  -nan | 100.0 |  50.8
       Dungeon | 100.0 | 100.0 |  -nan |  -nan | 100.0 |  50.8
               +-------+-------+-------+-------+-------+----------------------
